 Dungeon Crawl Stone Soup version 0.24-a0-525-g9231cdcba1 (webtiles) character file.

Game seed: 1961709745891686119

141 Execuda the Chopper (level 5, 0/46 HPs)
             Began as a Minotaur Warper on Aug 3, 2019.
             Killed by divine providence
             ... invoked by an orc priest
              (10 damage)
             ... on level 3 of the Dungeon.
             The game lasted 00:00:50 (1795 turns).

Execuda the Chopper (Minotaur Warper)               Turns: 1795, Time: 00:00:51

Health: 0/46       AC:  4    Str: 16    XL:     5   Next: 3%
Magic:  6/6        EV: 12    Int: 10    God:
Gold:   97         SH:  0    Dex: 10    Spells: 6/6 levels left

rFire    . . .     SeeInvis .   a - +0 hand axe
rCold    . . .     Gourm    .   (no shield)
rNeg     . . .     Faith    .   b - +0 leather armour
rPois    .         Spirit   .   (helmet restricted)
rElec    .         Reflect  .   (no cloak)
rCorr    .         Harm     .   c - +0 pair of gloves
MR       .....                  (no boots)
Stlth    +.........             (no amulet)
HPRegen  0.15/turn              (no ring)
MPRegen  0.10/turn              (no ring)

@: no status effects
A: retaliatory headbutt, horns 2
a: no special abilities


You were on level 3 of the Dungeon.
You were not hungry.

You visited 1 branch of the dungeon, and saw 3 of its levels.

You collected 97 gold pieces.

Inventory:

Hand Weapons
 a - a +0 hand axe (weapon)
Missiles
 e - 5 boomerangs of dispersal (quivered)
Armour
 b - a +0 leather armour (worn)
 c - a +0 pair of gloves (worn)
Scrolls
 d - a scroll of blinking
 g - 2 scrolls of identify {unknown}
 j - 4 scrolls of remove curse {unknown}
 l - a scroll of amnesia {unknown}
 o - a scroll of fog {unknown}
 q - a scroll of fear {unknown}
Potions
 h - a potion of might {unknown}
 i - a potion of degeneration {unknown}
 k - a potion of resistance {unknown}
 n - a potion of curing {unknown}
 p - 3 potions of haste {unknown}
 r - 2 potions of flight {unknown}
Comestibles
 f - 7 rations
 m - a chunk of flesh


   Skills:
 + Level 4.1 Fighting
 * Level 5.4 Axes
 - Level 1.0 Throwing
 - Level 1.2 Armour
 - Level 2.1 Dodging
 - Level 1.3 Spellcasting
   Level 2.1 Translocations


You had 6 spell levels left.
You didn't know any spells.
Your spell library contained the following spells:

 Spells                   Type           Power        Failure   Level  Hunger
 Blink                    Tloc           N/A          26%         2    ###....
 Shroud of Golubria       Chrm/Tloc      #.....       36%         2    ###....
 Gell's Gravitas          Tloc           #.........   45%         3    ####...
 Lesser Beckoning         Tloc           #.........   45%         3    ####...
 Teleport Other           Tloc           #.......     45%         3    ####...
 Passage of Golubria      Tloc           N/A          86%         4    #####..


Dungeon Overview and Level Annotations

Branches:
Dungeon (3/15)

Altars:
Ashenzari
Dithmenos
Gozag


Innate Abilities, Weirdness & Mutations

You reflexively headbutt those who attack you in melee.
You have a pair of horns on your head.


Message History

You are too injured to fight recklessly!
You are too injured to fight recklessly!
You are too injured to fight recklessly!
You are too injured to fight recklessly!
You are too injured to fight recklessly!
You are too injured to fight recklessly!
You are too injured to fight recklessly!
You are too injured to fight recklessly!
Unknown command.
You are too injured to fight recklessly!
The orc priest begins to cast a cantrip, but forgets the words!
The hobgoblin hits you with a +0 club.
* * * LOW HITPOINT WARNING * * *
The orc priest looks braver for a moment.
The orc closely misses you.
Some of the chunks of flesh in your inventory have rotted away.
The orc priest looks encouraged for a moment.
The orc priest invokes the aid of Beogh against you.
Beogh smites you!
You die...

...?.........
...........# #
...........#.#
..........##.#
...#.........###
###oo........
#.o.#.....#
########o..#####
##@.g..oo........
#...#####......##
###.##....####.>.
###...)÷..#######
#.....÷(÷...(..#
#.....÷÷<#####..
#........#
#........#
#.........(


You could see an orc warrior, an orc priest, an orc and a hobgoblin.

Vanquished Creatures
  8 adders
  4 dart slugs
  3 leopard geckos
  6 giant cockroaches
  6 goblins
  6 hobgoblins
  2 jackals (D:1)
  3 quokkas
  A ball python (D:2)
  4 bats
  4 frilled lizards
  7 kobolds
  7 rats
61 creatures vanquished.

Notes
Turn   | Place    | Note
-------+----------+-------------------------------------------
     0 | D:1      | Execuda the Minotaur Warper began the quest for the Orb.
     0 | D:1      | Reached XP level 1. HP: 18/18 MP: 1/1
   107 | D:1      | Reached skill level 3 in Axes
   113 | D:1      | Reached XP level 2. HP: 19/25 MP: 3/3
   475 | D:1      | Reached XP level 3. HP: 29/31 MP: 4/4
   674 | D:2      | Reached skill level 4 in Axes
   738 | D:2      | Found an opulent altar of Gozag.
   840 | D:2      | Found a shadowy altar of Dithmenos.
   886 | D:2      | Reached XP level 4. HP: 35/38 MP: 5/5
   948 | D:2      | Found a shattered altar of Ashenzari.
  1275 | D:2      | Reached skill level 5 in Axes
  1582 | D:3      | Reached XP level 5. HP: 24/46 MP: 6/6
  1778 | D:3      | Noticed an orc warrior
  1795 | D:3      | Killed from afar by an orc priest

Levels and vault maps discovered:
D:1:      matt_arrival_diagonals, layout_rooms, ebering_dispersal_statue_hall,
          dk_noncrumbling_4
D:2:      layout_basic, gammafunk_temple_overflow_statue, first_ration,
          nicolae_ashenzari_panopticon
D:3:      layout_rooms

Skill      XL: |  1  2  3  4 |
---------------+-------------+-----
Axes           | 3 4 5 |  5.4
Fighting       | 3 4 |  4.1
Throwing       | |  1.0
Armour         | |  1.2
Dodging        | |  2.1
Spellcasting   | |  1.3
Translocations | |  2.1

Action                   |  1- 3 |  4- 6 || total
-------------------------+-------+-------++-------
Melee: Hand axe          |    76 |    60 ||   136
       Headbutt          |    11 |     5 ||    16
  Eat: Chunk             |       |     3 ||     3
Armor: Leather armour    |    22 |    18 ||    40
Dodge: Dodged            |    55 |    44 ||    99

Table legend:
 A = Non-vault XP
 B = Vault XP
 C = Vault XP percentage of total XP
 D = Non-vault monster count
 E = Vault monster count
 F = Vault count percentage of total count
                 A         B        C        D         E       F
            +---------+---------+-------+---------+---------+-------
      Total |     202 |       0 |   0.0 |      61 |       0 |   0.0
            +---------+---------+-------+---------+---------+-------
        D:1 |      44 |       0 |   0.0 |      25 |       0 |   0.0
        D:2 |     123 |       0 |   0.0 |      29 |       0 |   0.0
        D:3 |      35 |       0 |   0.0 |       7 |       0 |   0.0
            +---------+---------+-------+---------+---------+-------
